 Dungeon Crawl Stone Soup version 0.28-a0-1435-g82390b3a13 (webtiles) character file.

Game seed: 3688531342806595885

147 porpoise the Sneak (level 5, -27/42 HPs)
             Began as a Demonspawn Brigand on Jan 10, 2022.
             Killed from afar by Ijyb (32 damage)
             ... with a bolt of acid
             ... on level 3 of the Dungeon.
             The game lasted 00:06:23 (3457 turns).

porpoise the Sneak (Demonspawn Brigand)             Turns: 3457, Time: 00:06:23

Health: -27/42     AC:  5    Str: 13    XL:     5   Next: 7%
Magic:  5/5        EV: 11    Int: 13    God:
Gold:   122        SH:  0    Dex: 14    Spells: 4/4 levels left

rFire   . . .      SeeInvis .   a - +2 dagger
rCold   . . .      Faith    .   (no shield)
rNeg    . . .      Spirit   .   r - +0 leather armour
rPois   .          Reflect  .   i - +2 helmet
rElec   .          Harm     .   c - +0 cloak
rCorr   .          Rampage  .   (no gloves)
Will    .....                   (no boots)
Stlth   ++........              (no amulet)
HPRegen 0.14/turn               (no ring)
MPRegen 0.09/turn               (no ring)

@: corroded, sanguine armoured
A: hooves 1, powered by death 2, sanguine armour 1
a: no special abilities


You were on level 3 of the Dungeon.
You visited 1 branch of the dungeon, and saw 3 of its levels.

You collected 122 gold pieces.

Inventory:

Hand Weapons
 a - a +2 dagger (weapon)
 b - a +0 hunting sling
Missiles
 d - 17 poisoned darts (quivered)
 e - 6 curare-tipped darts
 h - 37 stones
 l - 22 bolts
 t - a boomerang
 v - 13 arrows
Armour
 c - a +0 cloak (worn)
 i - a +2 helmet (worn)
 r - a +0 leather armour (worn)
Wands
 o - a wand of polymorph (9)
Scrolls
 g - 2 scrolls of teleportation {unknown}
 m - 2 scrolls of magic mapping {unknown}
 p - a scroll of vulnerability {unknown}
 s - a scroll of holy word {unknown}
 u - a scroll of blinking {unknown}
Potions
 f - 2 potions of heal wounds {unknown}
 j - a potion of curing {unknown}
 k - a potion of invisibility {unknown}
 n - a potion of haste {unknown}
 q - a potion of resistance {unknown}


   Skills:
 * Level 3.8 Fighting
 * Level 3.4 Short Blades
 - Level 1.7 Throwing
 - Level 0.8 Dodging
 + Level 3.9 Stealth


You had 4 spell levels left.
You didn't know any spells.
Your spell library contained the following spells:

 Spells                   Type           Power      Damage    Failure   Level
 Iskenderun's Battlesphe  Conj           0%         2d6       100%        5
 Iron Shot                Conj/Erth      0%         9d1       100%        6
 Spellforged Servitor     Conj/Summ      0%         N/A       100%        7


Dungeon Overview and Level Annotations

Branches:
Dungeon (3/15)

Altars:

Annotations:
D:3 Ijyb


Innate Abilities, Weirdness & Mutations

You have large cloven feet.
You regenerate health from kills.
When seriously injured, your blood forms armour. (AC +6)


Message History

Ijyb hits you but does no damage.
You barely miss Ijyb. Your kick misses Ijyb.
Ijyb is lightly wounded.
Ijyb hits you but does no damage.
You hit Ijyb but do no damage. You kick Ijyb, but do no damage.
Ijyb is lightly wounded.
Ijyb misses you.
You hit Ijyb but do no damage. You punch Ijyb, but do no damage.
Ijyb is lightly wounded.
Ijyb zaps a wand.
The bolt of acid misses you.
You hit Ijyb but do no damage. You kick Ijyb, but do no damage.
Ijyb is lightly wounded.
Ijyb barely misses you.
Press: ? - help, v - describe, . - travel
Here: Ijyb, wielding a +0 club, wearing a +0 scale mail and carrying a wand of acid (8) (lightly wounded)
The floor, spattered with blood.
Unknown command.
You hit Ijyb but do no damage. You kick Ijyb, but do no damage.
Ijyb is lightly wounded.
Ijyb hits you with a +0 club.
* * * LOW HITPOINT WARNING * * *
You hit Ijyb but do no damage. Your kick misses Ijyb.
Ijyb is lightly wounded.
You hit Ijyb but do no damage. Your kick misses Ijyb.
Ijyb is lightly wounded.
Ijyb barely misses you.
You barely miss Ijyb. Your kick misses Ijyb.
Ijyb is lightly wounded.
Ijyb hits you with a +0 club.
* * * LOW HITPOINT WARNING * * *
You hit Ijyb but do no damage. Ijyb hits you with a +0 club.
* * * LOW HITPOINT WARNING * * *
You hit Ijyb. Your kick misses Ijyb.
Ijyb is lightly wounded.
Ijyb misses you.
You closely miss Ijyb. You kick Ijyb.
Ijyb is lightly wounded.
Ijyb zaps a wand.
The bolt of acid hits you!!
Ouch! That really hurt!
You die...

........########
###.#..
........#
#...........#
#.### .........
........... #.#
...#+#####
......... #.#
##.# ... .......
... ...# .....
#.####.### ...
#......... #g#
#.....)... #@#
#......... #.#
#####.........
#.#
#.............
#.#
#.###.........
#.# #.#
#.........
#.###.#
#.........
#.....#
#####.....
####### #.....
#.....


You could see Ijyb.

Vanquished Creatures
  An orc priest (D:3)
  Crazy Yiuf (D:2)
  An orc wizard (D:3)
  2 dart slugs
  6 orcs (D:3)
  4 ball pythons
  6 endoplasms
  4 giant cockroaches
  3 goblins (D:1)
  7 hobgoblins
  4 kobolds
  4 quokkas
  A bat (D:3)
  3 frilled lizards (D:2)
  5 rats
52 creatures vanquished.

Vanquished Creatures (others)
  A plant (D:3)
1 creature vanquished.

Grand Total: 53 creatures vanquished

Notes
Turn   | Place    | Note
-------+----------+-------------------------------------------
     0 | D:1      | porpoise the Demonspawn Brigand began the quest for the
                  | Orb.
     0 | D:1      | Reached XP level 1. HP: 16/16 MP: 1/1
   157 | D:1      | Gained mutation: You have large cloven feet. [demonic
                  | ancestry]
   157 | D:1      | Reached XP level 2. HP: 22/23 MP: 2/2
  1033 | D:1      | Gained mutation: You regenerate a little health from kills.
                  | [demonic ancestry]
  1033 | D:1      | Reached XP level 3. HP: 28/28 MP: 3/3
  1979 | D:2      | Found a faded altar of an unknown god.
  2113 | D:2      | Found a runed translucent door.
  2114 | D:2      | Noticed Crazy Yiuf
  2523 | D:2      | Killed Crazy Yiuf
  2524 | D:2      | Gained mutation: When seriously injured, your blood forms
                  | armour. (AC +6) [demonic ancestry]
  2524 | D:2      | Reached XP level 4. HP: 17/35 MP: 4/4
  3044 | D:3      | Gained mutation: You regenerate health from kills. [demonic
                  | ancestry]
  3044 | D:3      | Reached XP level 5. HP: 9/42 MP: 5/5
  3428 | D:3      | Noticed Ijyb
  3457 | D:3      | Killed from afar by Ijyb

Illustrated notes

Levels and vault maps discovered:
D:1:      lightli_arrival_maybe_door_vault, layout_basic, serial_rivers,
          chequers_serial_rivers_micro_c, chequers_serial_rivers_micro_b,
          chequers_serial_rivers_marsh, chequers_serial_rivers_micro_b,
          chequers_serial_rivers_micro_d, chequers_serial_rivers_room_a
D:2:      layout_basic, hellmonk_ecumenical_altar_crossroads,
          uniq_crazy_yiuf_cottage
D:3:      layout_basic, serial_bayou_lake_a, uniq_ijyb

Skill      XL: |  1  2  3 |
---------------+----------+-----
Short Blades   | 2 3 |  3.4
Fighting       | 3 |  3.8
Throwing       | |  1.7
Dodging        | |  0.8
Stealth        | |  3.9

Action                   |  1- 3 |  4- 6 || total
-------------------------+-------+-------++-------
Melee: Dagger            |   115 |    95 ||   210
       Kick              |    29 |    21 ||    50
       Punch             |       |     4 ||     4
 Fire: Hunting sling     |     6 |       ||     6
 Stab: Sleeping          |     7 |       ||     7
Armor: Robe              |    20 |    29 ||    49
       Leather armour    |       |     7 ||     7
Dodge: Dodged            |    38 |    28 ||    66

Table legend: (Time is in decaauts)
 A = Elapsed time spent in this place.
 B = Non-inter-level travel time spent in this place.
 C = Inter-level travel time spent in this place.
 D = Time resting spent in this place.
 E = Time spent auto-exploring this place.
 F = Levels seen in this place.
 G = Mean time per level.
                   A        B        C        D        E       F      G
               +--------+--------+--------+--------+--------+-----+--------+
         Total |   3431 |   3371 |     60 |   1387 |   1466 |   3 | 1143.7 |
       Dungeon |   3431 |   3371 |     60 |   1387 |   1466 |   3 | 1143.7 |
               +--------+--------+--------+--------+--------+-----+--------+

Top non-repeatable levels by time:
     D:1: 1737 daAuts
     D:2: 1004 daAuts
     D:3: 690 daAuts
